 Dungeon Crawl Stone Soup version 0.17.0-28-g6e173f8 (webtiles) character file.

935 M4edhros the Sneak (level 8, -1/46 HPs)
             Began as an Octopode Chaos Knight on Nov 26, 2015.
             Slain by a giant frog (2 damage)
             ... in a sewer.
             The game lasted 00:08:42 (3725 turns).

M4edhros the Sneak (Octopode Chaos Knight)          Turns: 3725, Time: 00:08:42

Health: -1/46      AC:  1    Str: 16    XL:     8   Next: 11%
Magic:  8/8        EV: 12    Int: 14    God:    Xom [...*..]
Gold:   137        SH:  0    Dex: 14    Spells: 0 memorised, 7 levels left

rFire  . . .     SeeInvis .     v - +2 dagger (venom)
rCold  + . .     Clarity  .     (no shield)
rNeg   . . .     SustAt   .     (helmet restricted)
rPois  .         Gourm    +     n - amulet of the gourmand
rElec  .         Spirit   .     e - ring of protection from cold
rCorr  .         Warding  .     (no ring)
rMut   .         Stasis   .     (no ring)
MR     .....                    (no ring)
Stlth  ++++++....               (no ring)
                                (no ring)
                                (no ring)
                                (no ring)

@: mighty, lethally poisoned (-1 -> -4), not resistant to hostile enchantments,
very stealthy
A: almost no armour, amphibious, 8 rings, constrict 8, camouflage 1, frail 1,
gelatinous body 1
a: Renounce Religion


You were in a sewer.
You worshipped Xom.
You were a favourite toy of Xom.
You were not hungry.

You visited 1 branch of the dungeon, and saw 5 of its levels.
You also visited: Sewer.

You collected 329 gold pieces.
You spent 192 gold pieces at shops.

Inventory:

Hand Weapons
 a - a +0 spear of chaos
 i - a +0 hunting sling
 v - a +2 dagger of venom (weapon)
Missiles
 j - 81 stones (quivered)
 s - 9 steel sling bullets
Armour
 h - a +0 buckler
Jewellery
 e - a ring of protection from cold (left tentacle)
 n - an amulet of the gourmand (around mantle)
Wands
 d - a wand of random effects (7)
Scrolls
 c - 2 scrolls of remove curse
 g - 2 scrolls of enchant armour
 m - a scroll of recharging
 p - 2 scrolls of magic mapping
 r - 3 scrolls of fog
 w - a scroll of enchant weapon
 y - a scroll of identify
 A - a scroll of blinking {unknown}
Potions
 f - 2 potions of cancellation
 k - a potion of cure mutation
 o - a potion of might
 x - a potion of haste {unknown}
 z - a potion of curing
Comestibles
 b - 3 bread rations
 l - 3 meat rations
 q - a slice of pizza
 t - a beef jerky


   Skills:
 - Level 3.0 Fighting
 - Level 3.5 Polearms
 * Level 7.0 Slings
 - Level 2.3 Dodging
 + Level 7.3 Stealth


You had 7 spell levels left.
You didn't know any spells.

Dungeon Overview and Level Annotations

Branches:
Dungeon (5/15)
 Temple: D:4-7

Altars:
Cheibriados
Dithmenos
Nemelex Xobeh
Qazlal
Ru
Sif Muna
Trog
Xom

Shops:
D:5 (*}%


Innate Abilities, Weirdness & Mutations

You cannot wear most types of armour.
You are amphibious.
You can wear up to eight rings at the same time.
You can use your tentacles to constrict eight enemies at once.
Your skin changes colour to match your surroundings (Stealth).
Your rubbery body absorbs attacks (AC +1).
You are frail (-10% HP).


Message History

The fireball engulfs you!
* * * LOW HITPOINT WARNING * * *
The fireball engulfs the giant frog.
The giant frog is heavily wounded.
The fireball engulfs the adder.
The adder is severely wounded.
The fireball engulfs the ball python.
You kill the ball python!
Evoking this partially-identified wand wasted a few charges.
You are engulfed in a cloud of scalding steam.
* * * LOW HITPOINT WARNING * * *
x2 You feel sick.
The adder is engulfed in a cloud of scalding steam.
You kill the adder!
Your Slings skill increases to level 7!
The adder bites you but does no damage.
The giant frog is engulfed in a cloud of scalding steam.
The giant frog hits you.
You die...
Xom howls with laughter!

#≈≈≈≈≈≈#
#≈≈≈..
#≈≈≈≈≈≈#
#≈...≈
#≈≈≈≈≈≈#
#≈..≈≈
#≈≈≈≈≈≈#
#≈≈≈.≈
#≈≈≈≈≈≈#
#≈≈≈≈≈
#≈≈≈≈≈≈#
#≈≈≈≈≈
#≈≈≈≈≈≈#
#≈≈≈≈≈
#§F§≈≈≈#
#≈≈≈≈≈
#§F@S≈≈#
#≈≈≈≈≈
#§§§J≈≈#
#≈≈≈≈≈
#≈SJ≈≈≈#
#≈≈≈≈≈
#≈≈....#
#≈.≈..
#......#
#.....
#......#
##....
#......+
#....
##....##
##...
######
##..


You could see 2 giant frogs, 2 oozes, an adder and a ball python.

Vanquished Creatures
  A hungry ghost (D:5)
  An ice beast (D:5)
  An ogre (D:4)
  4 orc priests
  A hound (D:4)
  A centaur skeleton (D:4)
  5 orc wizards
  A worker ant (D:5)
  3 gnolls (D:5)
  4 river rats (Sewer)
  8 adders
  3 worms
  3 giant geckos
  24 orcs
  16 ball pythons
  5 bats
  5 giant cockroaches
  8 hobgoblins
  A jackal (D:1)
  5 kobolds
  7 quokkas
  A ball python skeleton (D:4)
  4 giant newts
  10 goblins
  38 rats
160 creatures vanquished.

Notes
Turn   | Place    | Note
--------------------------------------------------------------
     0 | D:1      | M4edhros the Octopode Chaos Knight began the quest for the Orb.
     0 | D:1      | Reached XP level 1. HP: 16/16 MP: 1/1
   174 | D:1      | Reached skill level 1 in Stealth
   258 | D:1      | Reached XP level 2. HP: 21/21 MP: 2/2
   915 | D:2      | Found a stormy altar of Qazlal.
   917 | D:2      | XOM: silly message
  1009 | D:2      | Reached XP level 3. HP: 26/26 MP: 3/3
  1012 | D:2      | Reached skill level 1 in Slings
  1014 | D:2      | Found a sparkling altar of Nemelex Xobeh.
  1206 | D:2      | Noticed a moth of wrath
  1209 | D:2      | Found a bloodstained altar of Trog.
  1209 | D:2      | XOM: potion effect (brilliance)
  1210 | D:2      | XOM: potion effect (berserk rage)
  1248 | D:2      | XOM: potion effect (invisibility)
  1256 | D:2      | XOM: harmless Ice miscast
  1284 | D:2      | Noticed an earth elemental
  1284 | D:2      | Noticed a fire elemental
  1285 | D:2      | Noticed a water elemental
  1285 | D:2      | Noticed an air elemental
  1374 | D:3      | XOM: butterfly on damage
  1374 | D:3      | XOM: smoke on damage
  1395 | D:3      | XOM: silly message
  1430 | D:3      | XOM: silly message
  1532 | D:3      | Reached XP level 4. HP: 28/31 MP: 4/4
  1558 | D:3      | XOM: divination: magic mapping
  1809 | D:3      | Found a sacrificial altar of Ru.
  1895 | D:3      | Found a shadowy altar of Dithmenos.
  1936 | D:3      | Reached XP level 5. HP: 34/36 MP: 5/5
  2002 | D:3      | XOM: divination: detect creatures
  2099 | D:4      | Reached skill level 4 in Stealth
  2153 | D:4      | Found a sparkling altar of Nemelex Xobeh.
  2225 | D:4      | Reached XP level 6. HP: 9/42 MP: 6/6
  2377 | D:4      | Noticed an ogre
  2387 | D:4      | XOM: divination: magic mapping
  2391 | D:4      | Killed an ogre
  2391 | D:4      | Reached skill level 5 in Stealth
  2632 | D:4      | XOM: divination: detect creatures
  2722 | D:4      | Found a snail-covered altar of Cheibriados.
  2749 | D:4      | XOM: potion effect (heal wounds)
  2756 | D:4      | Reached skill level 5 in Slings
  2812 | D:4      | Reached XP level 7. HP: 16/46 MP: 7/7
  2951 | D:5      | Entered Level 5 of the Dungeon
  2983 | D:5      | Reached skill level 6 in Stealth
  3012 | D:5      | XOM: harmless Hex miscast
  3039 | D:5      | XOM: potion effect (might)
  3041 | D:5      | XOM: potion effect (invisibility)
  3061 | D:5      | Found Xaroppu's Food Shoppe.
  3061 | D:5      | Noticed a hungry ghost
  3072 | D:5      | Killed a hungry ghost
  3090 | D:5      | Found a deep blue altar of Sif Muna.
  3108 | D:5      | Found Oviuwnul's General Store.
  3119 | D:5      | Reached skill level 7 in Stealth
  3219 | D:5      | XOM: silly message
  3226 | D:5      | Found Iloageut's Gadget Emporium.
  3245 | D:5      | Found a shimmering altar of Xom.
  3275 | D:5      | Found Niugosen's Antique Weapon Shop.
  3280 | D:5      | Bought a dazzling shortbow for 192 gold pieces
  3285 | D:5      | Identified the cursed +0 shortbow "Zeniuq Sor" {velocity, *Contam rF++ rC+++} (You bought it in a shop on level 5 of the Dungeon)
  3300 | D:5      | Gained mutation: You are frail (-10% HP). [mutagenic glow]
  3318 | D:5      | Found a glowing drain.
  3338 | Sewer    | Entered a sewer
  3356 | Sewer    | Reached XP level 8. HP: 46/46 MP: 8/8
  3499 | Sewer    | XOM: harmless Trmt miscast
  3694 | Sewer    | XOM: harmless Trmt miscast
  3725 | Sewer    | HP: 2/46 [cloud of steam (5)]
  3725 | Sewer    | Slain by a giant frog

Action                   |  1- 3 |  4- 6 |  7- 9 || total
-------------------------+-------+-------+-------++-------
Melee: Spear             |    72 |   137 |     3 ||   212
       Dagger            |       |       |   104 ||   104
 Fire: Hunting sling     |    22 |     7 |       ||    29
Evoke: Wand              |       |     4 |     1 ||     5
  Use: Scroll            |     4 |     4 |     2 ||    10
       Potion            |       |     8 |     3 ||    11
 Stab: Sleeping          |    10 |    10 |    13 ||    33
       Paralysed         |       |     2 |       ||     2
       Petrifying        |       |     2 |       ||     2
       Invisible         |       |     2 |     4 ||     6
  Eat: Chunk             |     3 |     3 |     6 ||    12
